 Dungeon Crawl Stone Soup version 0.17.0-1-g61d176b (webtiles) character file.

135 HungrySpirit the Cudgeler (level 5, -5/32 HPs)
             Began as a Gargoyle Fighter on Nov 7, 2015.
             Killed by divine providence
             ... invoked by an orc priest
              (13 damage)
             ... on level 3 of the Dungeon.
             The game lasted 00:02:50 (1833 turns).

HungrySpirit the Cudgeler (Gargoyle Fighter)        Turns: 1833, Time: 00:02:50

Health: -5/32      AC: 10    Str: 20    XL:     5   Next: 18%
Magic:  5/5        EV:  9    Int:  9    God:
Gold:   130        SH:  0    Dex:  9    Spells: 0 memorised, 4 levels left

rFire  . . .     SeeInvis .     h - +2 whip (drain)
rCold  . . .     Clarity  .     b - +0 scale mail
rNeg   + . .     SustAt   .     (no shield)
rPois  ∞         Gourm    .     (no helmet)
rElec  +         Spirit   .     (no cloak)
rCorr  .         Warding  .     (no gloves)
rMut   .         Stasis   .     (no boots)
MR     .....                    (no amulet)
Stlth  ..........               (no ring)
                                (no ring)

@: not resistant to hostile enchantments, extremely unstealthy
A: negative energy resistance 1, electricity resistance, unbreathing,
petrification resistance, rot immunity, AC +4
a: no special abilities


You were on level 3 of the Dungeon.
You were not hungry.

You visited 1 branch of the dungeon, and saw 3 of its levels.

You collected 130 gold pieces.

Inventory:

Hand Weapons
 h - a +2 whip of draining (weapon)
Armour
 b - a +0 scale mail (worn)
 c - a +0 shield
Scrolls
 a - 4 scrolls of identify {unknown}
 n - a scroll of immolation {unknown}
 r - 2 scrolls of magic mapping {unknown}
 t - a scroll of fear {unknown}
Potions
 d - a potion of might
 f - a potion of haste {unknown}
 g - a potion of degeneration {unknown}
 i - 2 potions of flight {unknown}
 j - a potion of cure mutation {unknown}
 l - a potion of brilliance {unknown}
 o - a potion of mutation {unknown}
 p - a potion of cancellation {unknown}
Books
 q - a book of Fire

   Spells                             Type                      Level
   a - Ignite Poison                  Fire/Transmutation/Poison    3
   b - Fireball                       Conjuration/Fire             5
   c - Bolt of Fire                   Conjuration/Fire             6
   d - Delayed Fireball               Conjuration/Fire             7
   e - Ring of Flames                 Charms/Fire                  7
Comestibles
 e - a bread ration
 k - 2 royal jellies
 m - a slice of pizza
 s - a meat ration


   Skills:
 - Level 3.2 Fighting
 + Level 5.2 Maces & Flails
 - Level 3.2 Armour
 - Level 3.2 Shields


You had 4 spell levels left.
You didn't know any spells.

Dungeon Overview and Level Annotations

Branches:
Dungeon (3/15)

Altars:
Makhleb
Nemelex Xobeh
Trog


Innate Abilities, Weirdness & Mutations

You are resistant to torment.
Your stone body is resilient (AC +4).
You are immune to poison.
You resist negative energy.
You are resistant to electric shocks.
You can survive without breathing.
You are immune to petrification.
You are immune to rotting.


Message History

Things that are here:
a club; a scale mail; an orc corpse The orc hits you but does no damage.
An orc priest comes into view. It is wielding a club.
You closely miss the orc.
The orc priest shouts!
The orc hits you but does no damage.
You closely miss the orc.
A giant cockroach comes into view.
Things that are here:
a club; a scale mail; an orc corpse You see here 4 tomahawks.
The orc priest mumbles some strange prayers to Beogh against you.
Something smites you!
The orc priest mumbles some strange prayers to Beogh against you.
Something smites you!
* * * LOW HITPOINT WARNING * * *
The orc priest invokes the aid of Beogh against you.
Something smites you!
You die...

#...##### #<......#
#########.####.#
#......#..#
.........##
........######## ..
#........[)....# ..#
##.####.##.##.###
...# # #....##.@.#
##.. #..######o# ...
#..## #.##.#
....#######()..#
.............o)o.###
#####.####.........#
#....o..#..... #
..s............. .
.............##. .


You could see 2 orc priests and 2 orcs.

Vanquished Creatures
  4 gnolls (D:2)
  4 adders (D:2)
  A worm (D:2)
  3 giant geckos
  6 orcs
  6 bats
  2 giant cockroaches
  5 goblins
  A hobgoblin (D:1)
  6 jackals (D:1)
  7 kobolds
  4 giant newts (D:1)
  3 rats (D:1)
52 creatures vanquished.

Notes
Turn   | Place    | Note
--------------------------------------------------------------
     0 | D:1      | HungrySpirit the Gargoyle Fighter began the quest for the Orb.
     0 | D:1      | Reached XP level 1. HP: 14/14 MP: 1/1
   212 | D:1      | Reached XP level 2. HP: 19/19 MP: 2/2
   464 | D:1      | Reached XP level 3. HP: 21/23 MP: 3/3
  1198 | D:2      | Reached skill level 4 in Maces & Flails
  1223 | D:2      | Found a sparkling altar of Nemelex Xobeh.
  1294 | D:2      | Reached XP level 4. HP: 28/28 MP: 4/4
  1358 | D:2      | Reached skill level 5 in Maces & Flails
  1358 | D:2      | Reached XP level 5. HP: 19/32 MP: 5/5
  1639 | D:2      | Found a burning altar of Makhleb.
  1639 | D:2      | Found a bloodstained altar of Trog.
  1833 | D:3      | Killed from afar by an orc priest

Action                   |  1- 3 |  4- 6 || total
-------------------------+-------+-------++-------
Melee: Flail             |    16 |       ||    16
       Whip              |    94 |    76 ||   170
  Eat: Chunk             |     1 |     2 ||     3
